 Dungeon Crawl Stone Soup version 0.25.1-2-g60ff931df9 (webtiles) character file.

Game seed: 13000137184281201950

49 DildoBatman the Magician (level 4, 0/30 HPs)
             Began as a Formicid Wizard on Aug 21, 2020.
             Slain by an adder (1 damage)
             ... on level 2 of the Dungeon.
             The game lasted 00:03:11 (1296 turns).

DildoBatman the Magician (Formicid Wizard)          Turns: 1296, Time: 00:03:11

Health: 0/30       AC:  2    Str: 12    XL:     4   Next: 1%
Magic:  6/8        EV: 12    Int: 18    God:
Gold:   28         SH:  0    Dex:  9    Spells: 2/9 levels left

rFire    . . .     SeeInvis +   e - +0 club
rCold    . . .     Gourm    .   (no shield)
rNeg     . . .     Faith    .   a - +0 robe
rPois    .         Spirit   .   (helmet unavailable)
rElec    .         Reflect  .   (no cloak)
rCorr    .         Harm     .   (no gloves)
MR       .....                  (no boots)
Stlth    ++........             (no amulet)
HPRegen  0.10/turn              (no ring)
MPRegen  0.11/turn              (no ring)

@: lethally poisoned (0 -> -4)
A: permanent stasis, dig shafts and tunnels, four strong arms, antennae 3
a: Dig, Shaft Self


You were on level 2 of the Dungeon.
You were not hungry.

You visited 1 branch of the dungeon, and saw 2 of its levels.

You collected 28 gold pieces.

Inventory:

Hand Weapons
 e - a +0 club (weapon)
Missiles
 d - 16 sling bullets
 f - 31 stones (quivered)
 h - 17 bolts
Armour
 a - a +0 robe (worn)
 b - a +0 buckler
Jewellery
 k - an uncursed ring of wizardry {unknown}
Scrolls
 j - a scroll of enchant armour {unknown}
Potions
 g - a potion of curing {unknown}
 i - a potion of mutation {unknown}
Comestibles
 v - 2 rations


   Skills:
 - Level 1.7 Dodging
 - Level 2.4 Stealth
 - Level 3.2 Spellcasting
 * Level 3.2 Conjurations
   Level 1.0 Summonings
   Level 0.8 Translocations


You had 2 spell levels left.
You knew the following spells:

 Your Spells              Type           Power        Failure   Level  Hunger
a - Conjure Flame         Conj/Fire      #.......     24%         3    ###....
c - Magic Dart            Conj           ##..         4%          1    None
e - Mephitic Cloud        Conj/Pois/Air  #.......     30%         3    ###....

Your spell library contained the following spells:

 Spells                   Type           Power        Failure   Level  Hunger
 Call Imp                 Summ           #.......     16%         2    ##.....
 Slow                     Hex            #.......     24%         2    ##.....
 Blink                    Tloc           Unusable     N/A         2    N/A

Dungeon Overview and Level Annotations

Branches:
Dungeon (2/15)

Altars:
Sif Muna

Annotations:
D:2 exclusion: phantom


Innate Abilities, Weirdness & Mutations

You cannot be hasted, slowed, berserked, paralysed or teleported.
You can dig through walls and to a lower floor.
Your four strong arms can wield two-handed weapons with a shield.
You have a pair of large antennae on your head. (SInv)


Message History

The kobold hits you but does no damage. The adder bites you.
You are more poisoned.
The adder poisons you!
You feel sick. The kobold barely misses you.
The kobold hits you with a +0 short sword.
There is a stone staircase leading up here.
What are your orders? t - Shout!
Orders for allies: a - Attack new target. r - Retreat! s - Stop attacking. g - Guard the area. f - Follow me.
Anything else - Cancel.
You shout for attention!
You feel sick. The adder barely misses you.
The kobold hits you with a +0 short sword.
The adder bites you.
You die...

#.# #### #.####### ..#
##.......##### #####.#
#.......@K...#
......###......KKS...#
.....................#
......#..............#
.####.##.......w.....#
..K.K.##........######
.######.........# .#
#.>.....### .#
#...##.##


You could see an adder, a dart slug and 3 kobolds.

Vanquished Creatures
  An adder (D:2)
  An ooze (D:2)
  A giant cockroach (D:1)
  4 hobgoblins
  4 jackals (D:1)
  3 bats (D:1)
  2 frilled lizards (D:1)
  9 goblins (D:1)
  4 kobolds (D:1)
  5 rats (D:1)
34 creatures vanquished.

Notes
Turn   | Place    | Note
-------+----------+-------------------------------------------
     0 | D:1      | DildoBatman the Formicid Wizard began the quest for the
                  | Orb.
     0 | D:1      | Reached XP level 1. HP: 13/13 MP: 4/4
    16 | D:1      | Reached skill level 1 in Conjurations
   238 | D:1      | Reached XP level 2. HP: 19/19 MP: 4/6
   607 | D:1      | Reached XP level 3. HP: 19/24 MP: 3/7
   612 | D:1      | Learned a level 3 spell: Conjure Flame
   616 | D:1      | Learned a level 3 spell: Mephitic Cloud
   970 | D:1      | Found a shimmering blue altar of Sif Muna.
  1027 | D:2      | Noticed a phantom
  1257 | D:2      | Reached XP level 4. HP: 27/30 MP: 1/8
  1296 | D:2      | HP: 1/30 [kobold/+0 short sword (3)]
  1296 | D:2      | Slain by an adder

Illustrated notes

Levels and vault maps discovered:
D:1:      dpeg_arrival_water_altar, layout_loops_ring
D:2:      layout_loops_cross

Skill      XL: |  1  2  3 |
---------------+----------+-----
Conjurations   | 1 2 3 |  3.2
Dodging        | |  1.7
Stealth        | |  2.4
Spellcasting   | |  3.2
Summonings     | |  1.0
Translocations | |  0.8

Action                   |  1- 3 |  4- 6 || total
-------------------------+-------+-------++-------
Melee: Club              |    33 |     1 ||    34
 Cast: Magic Dart        |    74 |     1 ||    75
 Abil: Dig               |       |     1 ||     1
 Stab: Sleeping          |     1 |       ||     1
  Eat: Chunk             |     1 |       ||     1
Armor: Robe              |    15 |       ||    15
Dodge: Dodged            |    39 |     9 ||    48
